 Dungeon Sprint DCSS version 0.27-a0-1116-g91b3acb402 (webtiles) character file.

Game seed: 2273401148352280907

44 mhtbhm the Firebug (level 3, -3/19 HPs)
             Began as a Deep Elf Fire Elementalist on May 1, 2021.
             Was a Believer of Vehumet.
             Shot with a bolt by a yaktaur (9 damage)
             ... in the Dungeon (Sprint V: "Ziggurat Sprint").
             The game lasted 00:00:44 (205 turns).

mhtbhm the Firebug (Deep Elf Fire Elementalist)      Turns: 205, Time: 00:00:45

Health: -3/19      AC:  7    Str:  5    XL:     3   Next: 39%
Magic:  11/11      EV: 13    Int: 32    God:    Vehumet [**....]
Gold:   0          SH:  0    Dex: 15    Spells: 4/11 levels left

rFire    + . .     SeeInvis .   C - +8 lance "Wyrmbane" {slay drac, rPois rF+ rC+ AC+3}
rCold    + . .     Faith    .   (no shield)
rNeg     . . .     Spirit   .   a - +2 robe {Will+}
rPois    +         Reflect  .   (no helmet)
rElec    .         Harm     .   (no cloak)
rCorr    .         Rampage  .   (no gloves)
Will     +....     NoTele   +   (no boots)
Stlth    ++........             (no amulet)
HPRegen  0.06/turn              u - +6 ring of intelligence
MPRegen  0.12/turn              v - +6 ring of intelligence

@: no status effects
A: no striking features
a: Renounce Religion


You were in the Dungeon.
You worshipped Vehumet.
Vehumet was pleased with you.
You visited 1 branch

Inventory:

Hand Weapons
 C - the +8 lance "Wyrmbane" (weapon) {slay drac, rPois rF+ rC+ AC+3}
   (You found it in the Dungeon)

   It affects your AC (+3).
   It protects you from fire.
   It protects you from cold.
   It protects you from poison.
Armour
 a - a +2 robe of willpower (worn)
Jewellery
 u - a +6 ring of intelligence (left hand)
 v - a +6 ring of intelligence (right hand)
Wands
 y - a wand of mindburst (7)
 z - a wand of iceblast (2)
 A - a wand of acid (7)
Scrolls
 h - 4 scrolls of blinking
 m - 4 scrolls of amnesia
 n - 7 scrolls of fog
 o - a scroll of holy word
 p - 5 scrolls of identify
 q - 2 scrolls of fear
Potions
 b - 2 potions of brilliance
 c - 10 potions of curing
 d - 10 potions of heal wounds
 e - 6 potions of haste
 f - 7 potions of magic
 g - 3 potions of berserk rage
 i - 2 potions of invisibility
 j - 4 potions of resistance
 k - a potion of experience
 l - 6 potions of might
Miscellaneous
 r - a phantom mirror
 B - a lightning rod (4/4)


   Skills:
 + Level 3.7 Dodging
 + Level 3.5 Stealth
 + Level 4.7 Spellcasting
 + Level 1.2 Conjurations
 + Level 6.3 Fire Magic
 + Level 1.5 Evocations


You had 4 spell levels left.
You knew the following spells:

 Your Spells              Type           Power      Damage    Failure   Level
a - Foxfire               Conj/Fire      100%       2x1d9     1%          1
b - Conjure Flame         Conj/Fire      32%        6-21      3%          3
c - Inner Flame           Hex/Fire       28%        N/A       4%          3

Your spell library contained the following spells:

 Spells                   Type           Power      Damage    Failure   Level
 Sandblast                Erth           14%        2d6       5%          1
 Pain                     Necr           28%        1d5       5%          1
 Sticky Flame             Conj/Fire      32%        2d5       11%         4
 Fireball                 Conj/Fire      16%        3d8       30%         5
 Borgnjor's Vile Clutch   Necr/Erth      3%         N/A       82%         5
 Simulacrum               Ice/Necr       3%         N/A       100%        6
 Disjunction              Tloc           3%         N/A       100%        8


Dungeon Overview and Level Annotations

Branches:
Dungeon (1/1)

Altars:
Ashenzari
Cheibriados
Dithmenos
Elyvilon
Fedhas
Gozag
Hepliaklqana
Kikubaaqudgha
Makhleb
Nemelex Xobeh
Okawaru
Qazlal
Ru
Sif Muna
Trog
Uskayaw
Vehumet
Wu Jian
Xom
Yredelemnul
Zin
The Shining One
Beogh
Jiyva
Lugonu

Annotations:
D 1 transporter


Message History

2 centaurs and 2 yaktaurs come into view.
The centaur picks up a staff of air.
The centaur wields a staff of air.
Found a +2 barding of flying, a ring of magical power and a book of Power.
Found a transporter.
Unknown command.
Unknown command.
Aiming: Iceblast
Press: ? - help, Shift-Dir - straight line, f - yaktaur
Aim: a yaktaur, quivering bolts (asleep)
The mass of ice explodes!
The iceblast engulfs the yaktaur.
The yaktaur is lightly wounded.
The yaktaur shouts!
The iceblast engulfs the centaur!
The centaur is severely wounded.
The iceblast engulfs the centaur!
The centaur is heavily wounded.
The centaur shouts!
The iceblast engulfs the yaktaur!
The yaktaur is moderately wounded.
The yaktaur shouts!
The centaur wields a +0 shortbow.
The centaur shoots an arrow.
The arrow completely misses you.
The yaktaur wields a +0 arbalest.
The yaktaur shoots a bolt.
The bolt barely misses you.
The centaur shoots an arrow.
The arrow hits you!
Ouch! That really hurt!
Unknown command.
Unknown command.
Aiming: Iceblast
Press: ? - help, Shift-Dir - straight line, f/p - yaktaur
Aim: a yaktaur, wielding a +0 arbalest and quivering bolts (lightly wounded)
The mass of ice explodes!
The iceblast engulfs the yaktaur!!
The yaktaur is severely wounded.
The iceblast engulfs the centaur!
You kill the centaur!
Vehumet accepts your kill.
The iceblast engulfs the centaur!
You kill the centaur!
Vehumet accepts your kill.
The yaktaur shoots a bolt.
The bolt hits you!
You die...

▓▓▓▓▓▓▓▓▓▓▓▓▓▓▓▓▓▓▓
▓.8©8.▓.8©8.▓.8©8.▓
▓.)=:.▓...[.▓.....▓
▓..c).▓.....▓...|.▓
▓...c.▓.....▓.....▓
▓.....▓.....▓.....▓
▓.....▓.....▓..©..▓
▓..@..▓..©..▓▓▓▓▓▓▓
▓▓▓▓▓▓▓▓▓▓▓▓▓


You could see 2 yaktaurs.

Vanquished Creatures
  2 centaurs (D)
  An iron imp (D)
  A shadow imp (D)
  A white imp (D)
  2 ball pythons (D)
7 creatures vanquished.

Notes
Turn   | Place    | Note
-------+----------+-------------------------------------------
     0 | D        | mhtbhm the Deep Elf Fire Elementalist began the quest for
                  | the Orb.
     0 | D        | Reached XP level 1. HP: 10/10 MP: 6/6
     0 | D        | Found a shimmering blue altar of Sif Muna.
     0 | D        | Found a bloodstained altar of Trog.
     0 | D        | Found a sacrificial altar of Ru.
     0 | D        | Found a stormy altar of Qazlal.
     0 | D        | Found an iron altar of Okawaru.
     1 | D        | Found a sparkling altar of Nemelex Xobeh.
     1 | D        | Found a blossoming altar of Fedhas.
     2 | D        | Found the +6 Majin-Bo {vamp, MP+6 Int+6}
     2 | D        | Found the +9 heavy crossbow "Sniper" {vorpal, Acc+∞ SInv}
     2 | D        | Found the +10 dark maul {vorpal}
     2 | D        | Found the +15 Maxwell's patent armour {-Cast -Tele rElec
                  | Will+ rCorr}
     2 | D        | Found the +18 shield of the Gong {rElec rN+ Will+ EV-5}
     2 | D        | Found the +14 obsidian axe {vorpal, Drain Fly SInv}
     2 | D        | Found the +7 great mace "Firestarter" {inner flame, rF++}
     2 | D        | Found the +6 shillelagh "Devastator" {shatter}
     2 | D        | Found the +11 plutonium sword {Contam Stlth-}
     2 | D        | Found the +8 lance "Wyrmbane" {slay drac, rPois rF+ rC+
                  | AC+3}
     2 | D        | Found the +9 sword of Zonguldrok {reap}
     2 | D        | Found the +13 scythe of Curses {drain, Drain}
     2 | D        | Found the +5 sword of Power {vorpal}
     2 | D        | Found the +7 mace of Variability {chain chaos}
     2 | D        | Found the +7 Singing Sword {vorpal, sonic wave}
     2 | D        | Found the +8 storm bow {elec, penet}
     3 | D        | Found a transporter.
     3 | D        | Found an ancient bone altar of Kikubaaqudgha.
     3 | D        | Found a viscous altar of Jiyva.
     3 | D        | Found a corrupted altar of Lugonu.
     3 | D        | Found a hazy altar of Hepliaklqana.
     3 | D        | Found a burning altar of Makhleb.
     3 | D        | Found an opulent altar of Gozag.
    35 | D        | Became a worshipper of Vehumet
    55 | D        | Entered arena 2.
    55 | D        | Found a transporter.
    61 | D        | Got the Disquisition on Displaced Dark Arts
   165 | D        | Entered arena 3.
   165 | D        | Noticed an iron imp
   165 | D        | Found a transporter.
   167 | D        | Reached * piety under Vehumet
   167 | D        | Offered knowledge of Sandblast by Vehumet.
   167 | D        | Killed an iron imp
   168 | D        | Reached skill level 6 in Fire Magic
   168 | D        | Reached skill level 1 in Evocations
   168 | D        | Reached XP level 2. HP: 15/15 MP: 6/9
   168 | D        | Reached XP level 3. HP: 19/19 MP: 7/11
   172 | D        | Learned a level 3 spell: Conjure Flame
   176 | D        | Learned a level 3 spell: Inner Flame
   203 | D        | Entered arena 4.
   203 | D        | Noticed a centaur
   203 | D        | Noticed a centaur
   203 | D        | Noticed a yaktaur
   203 | D        | Noticed a yaktaur
   203 | D        | Found a transporter.
   205 | D        | Killed a centaur
   205 | D        | Reached ** piety under Vehumet
   205 | D        | Killed a centaur
   205 | D        | Shot with a bolt by a yaktaur

Illustrated notes

Levels and vault maps discovered:
D:        sprint_v [room_start, room_1, room_2, room_3, room_4, room_5, room_6,
          room_7, room_8, room_9, room_10, room_11, room_12, room_13, room_14,
          room_15, room_16, room_17, room_18, room_19, room_20, room_21,
          room_22, room_23, room_24, room_25, room_26, room_27]

Skill      XL: |  1 |
---------------+----+-----
Dodging        | 3 |  3.7
Stealth        | 3 |  3.5
Spellcasting   | 4 |  4.7
Fire Magic     | 6 |  6.3
Evocations     | 1 |  1.5
Conjurations   | |  1.2

Action                   || total
-------------------------++-------
Evoke: Wand              ||     5
Dodge: Dodged            ||     2

Table legend: (Time is in decaauts)
 A = Elapsed time spent in this place.
 B = Non-inter-level travel time spent in this place.
 C = Inter-level travel time spent in this place.
 D = Time resting spent in this place.
 E = Time spent auto-exploring this place.
 F = Levels seen in this place.
 G = Mean time per level.
                   A        B        C        D        E       F      G
               +--------+--------+--------+--------+--------+-----+--------+
         Total |    203 |    203 |      0 |    103 |      0 |   1 |  203.0 |
       Dungeon |    203 |    203 |      0 |    103 |      0 |   1 |  203.0 |
               +--------+--------+--------+--------+--------+-----+--------+

Top non-repeatable levels by time:
       D: 203 daAuts
